 Dungeon Crawl Stone Soup version bcrawl-1.38.2 (webtiles) character file.

Game seed: 11512897882873847189

475718 kuniqs the Cleaver (level 11, -3/87 HPs)
             Began as a Demonspawn Fighter on May 2, 2023.
             Was an Elder of Qazlal.
             Slain by a fire crab (5 damage)
             ... on level 11 of the Dungeon.
             The game lasted 00:17:03 (9325 turns).

kuniqs the Cleaver (Demonspawn Fighter)             Turns: 9325, Time: 00:17:04

Health: -3/87      AC: 23    Str: 26    XL:     11   Next: 96%
Magic:  17/17      EV: 12    Int:  9    God:    Qazlal [****..]
Gold:   1042       SH: 22    Dex: 25    Spells: 10/10 levels left

rFire    + . .     GDR:     40% E - +1 war axe of Subterfuge {protect, Dex+7}
rCold    . . .     SeeInvis .   c - +0 medium shield
rNeg     . . .     Gourm    .   D - +2 ring mail {rF+}
rPois    .         Faith    .   B - +1 hat
rElec    .         Spirit   .   a - +0 cloak
rCorr    .         Reflect  +   i - +1 pair of gloves
MR       .....                  (no boots)
Stlth    +.........             p - +4 amulet of reflection
HPRegen  4.24/turn              S - +5 ring of dexterity
MPRegen  0.15/turn              T - +6 ring of strength

@: protection aura, repel missiles
A: horns 2, thin metallic scales 2, demonic guardian 1, powered by death 2
a: Upheaval, Elemental Force, Renounce Religion


You were on level 11 of the Dungeon.
You worshipped Qazlal.
Qazlal was greatly pleased with you.
You were hungry.

You visited 2 branches of the dungeon, and saw 12 of its levels.
You also visited: Ossuary.

You collected 1042 gold pieces.

Inventory:

Hand Weapons
 E - the +1 war axe of Subterfuge (weapon) {protect, Dex+7}
   (You found it on level 7 of the Dungeon)

   It grants its wielder temporary protection when it strikes (+7 to AC).
   It affects your dexterity (+7).
 I - a +7 blowgun
 J - a +4 short sword
Missiles
 b - 108 poisoned tomahawks (quivered)
 K - 166 poisoned needles
 P - 2 throwing nets {=f}
Armour
 a - a +0 cloak (worn)
 c - a +0 medium shield (worn)
 i - a +1 pair of gloves (worn)
 x - a +1 ring mail of positive energy
 B - a +1 hat (worn)
 D - a +2 ring mail of fire resistance (worn)
Jewellery
 k - an uncursed ring of see invisible
 m - an uncursed ring of insulation
 p - a +4 amulet of reflection (around neck)
 S - a +5 ring of dexterity (left hand)
 T - a +6 ring of strength (right hand)
Wands
 t - a wand of paralysis (15)
 F - a wand of polymorph (2)
 G - a wand of charming (6)
 H - a wand of flame (14)
 O - a wand of acid (5)
 Q - a wand of disintegration (22)
Scrolls
 f - 8 scrolls of teleportation
 g - 4 scrolls of remove curse
 q - 5 scrolls of fear
 u - a scroll of fog
 y - 3 scrolls of blinking
 A - a scroll of magic mapping
 L - a scroll of enchant armour
 M - 2 scrolls of immolation
 U - a scroll of enchant weapon {unknown}
 V - a scroll of silence {unknown}
Potions
 d - 3 potions of might
 h - 5 potions of ambrosia
 j - a potion of flight
 l - 3 potions of curing
 n - 4 potions of lignification
 o - 2 potions of resistance
 r - 5 potions of agility
 s - a potion of heal wounds
 v - 2 potions of brilliance
 w - 7 potions of mutation
 z - a potion of invisibility {unknown}
 N - a potion of magic
Miscellaneous
 R - a phantom mirror
Comestibles
 e - 25 rations {!d}
 C - a chunk of flesh


   Skills:
 + Level 8.6 Fighting
 * Level 10.4 Axes
 + Level 7.8 Armour
 + Level 3.8 Dodging
 + Level 7.8 Shields
 + Level 9.2 Invocations


You had 10 spell levels left.
You didn't know any spells.
Your spell library contained the following spells:

 Spells                   Type           Power        Failure   Level  Hunger
 Slow                     Hex            #.......     99%         1    None
 Ensorcelled Hibernation  Hex/Ice        #.....       99%         2    ####...
 Confuse                  Hex            #.......     100%        3    #####..
 Dazzling Orbs            Conj/Hex       #......      100%        3    #####..
 Tukima's Dance           Hex            #.......     100%        3    #####..
 Cause Fear               Hex            #.........   100%        4    ######.


Dungeon Overview and Level Annotations

Branches:
Dungeon (11/12)            Temple (1/1) D:4            Lair (0/6) D:7
    Orc (0/1) D:8
 Vaults: D:11-12

Altars:
Ashenzari
Cheibriados
Dithmenos
Fedhas
Gozag
Hepliaklqana
Kikubaaqudgha
Lugonu
Makhleb
Nemelex Xobeh
Okawaru
Qazlal
Ru
Sif Muna
Trog
Uskayaw
Vehumet
Wu Jian
Xom
Yredelemnul

Shops:
D:4 (   D:9 *   D:10 (


Innate Abilities, Weirdness & Mutations

You have a pair of horns on your head.
You are mostly covered in thin metallic scales. (AC +3)
A weak demonic guardian rushes to your aid.
You regenerate health from kills.


Message History

* * * LOW HITPOINT WARNING * * *
The fire crab closely misses you.
You hit the fire crab.
You headbutt the fire crab, but do no damage.
The fire crab is severely wounded.
You closely miss the meliai. x2; You block the meliai's attack.
The meliai barely misses your white imp.
You block the meliai's attack. The meliai hits you but does no damage.
The meliai misses you. You block the meliai's attack.
The meliai hits your white imp but does no damage.
The meliai barely misses you.
Your white imp hits the meliai but does no damage.
The fire crab bites you!
* * * LOW HITPOINT WARNING * * *
You are engulfed in flames!
You resist.
* * * LOW HITPOINT WARNING * * *
The fire crab claws you.
* * * LOW HITPOINT WARNING * * *
You are engulfed in flames.
You resist.
You die...

#.# ..###### . ...#... .#
..<.( .... #..### ###..#
###...####....##.
#...#.§.t........ #######
#.#..††@y.....# .##...##
#...##5y§........
.......###.#####†#○#....##
...........####..†.#.#....
.........(................
............###†#(.#####..
..........### #.#..# .
.##.....#.........##
#####.########.#..+


You could see a fire crab, 2 meliai and a friendly white imp.

Vanquished Creatures
  A hydra (D:9)
  2 two-headed ogres (D:11)
  A centaur warrior (D:11)
  A wolf spider zombie (D:11)
  A cyclops (D:11)
  An ugly thing (D:10)
  An elephant (D:7)
  A gargoyle (D:10)
  A queen bee (D:9)
  A meliai (D:11)
  A troll (D:8)
  Maurice (D:8)
  4 hornets
  6 hippogriffs
  Grum (D:8)
  A meliai zombie (D:11)
  Sigmund (D:2)
  2 wyverns (D:11)
  A shadow (D:10)
  5 yaks (D:9)
  2 vampire mosquitoes (D:11)
  A basilisk (D:7)
  A harpy simulacrum (D:11)
  A warg (D:8)
  A crocodile (D:8)
  A water moccasin (D:6)
  3 orc warriors
  A hornet zombie (D:8)
  2 ice beasts
  A black bear (D:9)
  A phantom (D:8)
  2 sky beasts
  4 ogres
  2 wolves (D:8)
  6 bullfrogs
  2 kobold brigands
  A gnoll sergeant (D:9)
  4 centaurs
  A water moccasin skeleton (D:5)
  A scorpion (D:8)
  17 killer bees
  2 howler monkeys (D:7)
  4 orc priests (D:8)
  5 electric eels (D:10)
  A bullfrog zombie (D:5)
  4 crimson imps
  A quasit (D:8)
  10 hounds
  A bullfrog skeleton (D:5)
  2 orc wizards
  3 iguanas
  4 worker ants
  A hound zombie (D:8)
  2 hound skeletons (D:9)
  4 mummies (Ossuary)
  A howler monkey zombie (D:5)
  A worker ant zombie (D:5)
  A centaur zombie (Ossuary)
  5 adders
  15 gnolls
  5 shadow imps
  2 adder skeletons
  3 worms
  4 dart slugs
  2 leopard geckos
  22 orcs
  4 giant cockroaches
  2 gnoll zombies (Ossuary)
  7 goblins
  14 hobgoblins
  12 jackals
  16 kobolds
  3 quokkas
  A ball python (D:3)
  2 bats
  4 frilled lizards
  2 goblin zombies (Ossuary)
  2 hobgoblin zombies (Ossuary)
  A kobold zombie (Ossuary)
  A quokka skeleton (D:6)
  11 rats
276 creatures vanquished.

Vanquished Creatures (collateral kills)
  A basilisk (D:7)
  3 bullfrogs
  A killer bee (D:9)
  A scorpion (D:5)
  A crimson imp (D:9)
  A bullfrog skeleton (D:4)
  A gnoll (D:4)
  2 orcs
  A jackal zombie (D:6)
12 creatures vanquished.

Vanquished Creatures (others)
  2 centaurs
  A killer bee (D:11)
  An orc (D:5)
4 creatures vanquished.

Grand Total: 292 creatures vanquished

Notes
Turn   | Place    | Note
-------+----------+-------------------------------------------
     0 | D:1      | kuniqs the Demonspawn Fighter began the quest for the Orb.
     0 | D:1      | Reached XP level 1. HP: 18/18 MP: 1/1
   101 | D:1      | Reached skill level 2 in Axes
   115 | D:1      | Gained mutation: You regenerate a little health from kills.
                  | [demonic ancestry]
   115 | D:1      | Reached XP level 2. HP: 22/24 MP: 2/2
   253 | D:1      | Gained mutation: You have a pair of small horns on your
                  | head. [demonic ancestry]
   253 | D:1      | Reached XP level 3. HP: 20/29 MP: 3/3
  1120 | D:2      | Noticed Sigmund
  1249 | D:2      | Reached XP level 4. HP: 25/35 MP: 4/4
  1538 | D:2      | Killed Sigmund
  1539 | D:2      | Reached skill level 3 in Axes
  1539 | D:2      | Gained mutation: You are partially covered in thin metallic
                  | scales. (AC +2) [demonic ancestry]
  1539 | D:2      | Reached XP level 5. HP: 22/42 MP: 5/5
  1957 | D:3      | Gained mutation: A weak demonic guardian rushes to your
                  | aid. [demonic ancestry]
  1957 | D:3      | Reached XP level 6. HP: 48/48 MP: 6/6
  2022 | D:3      | Reached skill level 4 in Axes
  2645 | D:4      | Gained mutation: You are mostly covered in thin metallic
                  | scales. (AC +3) [demonic ancestry]
  2645 | D:4      | Reached XP level 7. HP: 44/55 MP: 7/7
  2696 | D:4      | Found a staircase to the Ecumenical Temple.
  2711 | Temple   | Entered the Ecumenical Temple
  3058 | Temple   | Became a worshipper of Qazlal Stormbringer
  3100 | D:4      | Found Riost's Weapon Boutique.
  3282 | D:4      | Found an ornate altar of the Wu Jian Council.
  3453 | D:5      | Entered Level 5 of the Dungeon
  3485 | D:5      | Reached skill level 1 in Invocations
  3499 | D:5      | Found a white marble altar of Elyvilon.
  3680 | D:5      | Reached skill level 5 in Axes
  3788 | D:5      | Noticed a hippogriff
  3798 | D:5      | Killed a hippogriff
  3799 | D:5      | Reached skill level 5 in Fighting
  3799 | D:5      | Reached XP level 8. HP: 49/62 MP: 9/9
  4141 | D:5      | Reached * piety under Qazlal
  4142 | D:5      | Reached skill level 6 in Axes
  4510 | D:6      | Reached skill level 5 in Shields
  4555 | D:6      | Reached skill level 5 in Armour
  4722 | D:6      | Found a glowing golden altar of the Shining One.
  4875 | D:6      | Reached XP level 9. HP: 61/69 MP: 12/12
  5535 | D:7      | Found a staircase to the Lair.
  5535 | D:7      | Noticed an elephant
  5542 | D:7      | Reached skill level 7 in Axes
  5560 | D:7      | Killed an elephant
  5561 | D:7      | Reached skill level 5 in Invocations
  5809 | D:7      | Got an iridescent war axe
  5810 | D:7      | Identified the cursed +1 war axe of Subterfuge {protect,
                  | Dex+7} (You found it on level 7 of the Dungeon)
  5827 | D:7      | Found a hazy altar of Hepliaklqana.
  5828 | D:7      | Found a shimmering altar of Xom.
  5828 | D:7      | Noticed a hell beast
  5829 | D:7      | Noticed a spectral ugly thing
  5829 | D:7      | Noticed a hell beast
  5843 | D:7      | Reached ** piety under Qazlal
  6019 | D:8      | Noticed Maurice
  6030 | D:8      | Killed Maurice
  6042 | D:8      | Noticed Grum
  6046 | D:8      | Noticed a troll
  6065 | D:8      | Reached skill level 8 in Axes
  6071 | D:8      | Killed Grum
  6072 | D:8      | Gained mutation: You have a pair of horns on your head.
                  | [demonic ancestry]
  6072 | D:8      | Reached XP level 10. HP: 53/77 MP: 12/14
  6179 | D:8      | Found a sand-covered staircase.
  6188 | Ossuary  | Entered an ossuary
  6601 | D:8      | Found a staircase to the Orcish Mines.
  6915 | D:8      | Reached *** piety under Qazlal
  6927 | D:8      | Found a sparkling altar of Nemelex Xobeh.
  7241 | D:9      | Reached skill level 9 in Axes
  7245 | D:9      | Reached skill level 1 in Dodging
  7534 | D:9      | Found Poudarra's General Store.
  7551 | D:9      | Gained mutation: You regenerate health from kills. [demonic
                  | ancestry]
  7551 | D:9      | Reached XP level 11. HP: 85/85 MP: 16/16
  7813 | D:9      | Noticed an eight-headed hydra
  7817 | D:9      | Killed a 12-headed hydra
  8413 | D:10     | Entered Level 10 of the Dungeon
  8421 | D:10     | Found Geudir's Antique Weapon Shoppe.
  8817 | D:10     | Reached **** piety under Qazlal
  8824 | D:10     | Noticed a cyan ugly thing
  8831 | D:10     | Killed a cyan ugly thing
  9225 | D:11     | Noticed a cyclops
  9234 | D:11     | Reached skill level 10 in Axes
  9240 | D:11     | Killed a cyclops
  9289 | D:11     | Noticed a centaur warrior
  9294 | D:11     | Killed a centaur warrior
  9306 | D:11     | Noticed a two-headed ogre
  9309 | D:11     | Noticed a two-headed ogre
  9310 | D:11     | Noticed a fire crab
  9315 | D:11     | Killed a two-headed ogre
  9322 | D:11     | Killed a two-headed ogre
  9325 | D:11     | HP: 2/87 [fire crab (4)]
  9325 | D:11     | Slain by a fire crab

Skill      XL: |  1  2  3  4  5  6  7  8  9 10 11 |
---------------+----------------------------------+-----
Axes           | 2 3 4 5 6 8 9 10 | 10.4
Shields        | 3 4 5 6 7 |  7.8
Armour         | 3 4 5 6 7 |  7.8
Fighting       | 4 5 6 7 8 |  8.6
Invocations    | 2 4 6 7 9 |  9.2
Dodging        | 1 3 |  3.8

Action                   |  1- 3 |  4- 6 |  7- 9 | 10-12 || total
-------------------------+-------+-------+-------+-------++-------
Melee: War axe           |   122 |    94 |   273 |   351 ||   840
       Headbutt          |    18 |    14 |    53 |   121 ||   206
 Fire: Blowgun           |       |       |     5 |       ||     5
Throw: Tomahawk          |       |       |     3 |       ||     3
Invok: Upheaval          |       |       |     2 |     2 ||     4
Evoke: Wand              |       |       |     1 |     3 ||     4
  Use: Scroll            |     4 |     5 |     8 |     4 ||    21
       Potion            |     1 |       |       |     2 ||     3
 Stab: Distracted        |       |       |     2 |       ||     2
       Paralysed         |       |       |     6 |       ||     6
  Eat: Chunk             |     6 |     6 |    17 |    19 ||    48
       Ration            |       |       |     1 |     1 ||     2
Armor: Scale mail        |    91 |    42 |    53 |       ||   186
       Plate armour      |       |       |    34 |       ||    34
       Ring mail         |       |       |    39 |   196 ||   235
Dodge: Dodged            |    31 |     9 |    27 |   106 ||   173
       Deflected         |       |       |       |     1 ||     1
Block: Medium shield     |    80 |    43 |   235 |   435 ||   793
       Reflection        |       |       |    12 |    12 ||    24
